 Dungeon Crawl Stone Soup version 0.29-a0-330-g52719c12eb (webtiles) character file.

Game seed: 4638678570205012057

1661 rageheart7 the Spear-Bearer (level 9, -9/76 HPs)
             Began as a Merfolk Monk on Apr 13, 2022.
             Was a Believer of Fedhas.
             Mangled by a two-headed ogre
             ... wielding a +0 giant club
              (19 damage)
             ... on level 6 of the Dungeon.
             The game lasted 00:09:03 (4918 turns).

rageheart7 the Spear-Bearer (Merfolk Monk)          Turns: 4918, Time: 00:09:04

Health: -9/76      AC: 19    Str: 16    XL:     9   Next: 0%
Magic:  6/9        EV: 13    Int:  9    God:    Fedhas [**....]
Gold:   408        SH:  0    Dex: 16    Spells: 8/8 levels left

rFire   . . .      SeeInvis +   q - +4 flail "Fanurir" {protect, *Slow rPois rCorr SInv}
rCold   . . .      Faith    .   o - orb {light}
rNeg    + . .      Spirit   .   d - +3 leather armour
rPois   +          Reflect  .   (no helmet)
rElec   .          Harm     .   n - scarf {+Inv}
rCorr   +          Rampage  .   j - +1 pair of gloves
Will    .....                   (no boots)
Stlth   +.........              (no amulet)
HPRegen 0.22/turn               k - ring of positive energy
MPRegen 0.11/turn               i - +4 ring of protection

@: under a protective aura, glowing
A: (nimble swimmer 2), mertail
a: Renounce Religion, Evoke Invisibility, Wall of Briars


You were on level 6 of the Dungeon.
You worshipped Fedhas.
Fedhas was pleased with you.
You visited 2 branches of the dungeon, and saw 7 of its levels.

You collected 408 gold pieces.

Inventory:

Hand Weapons
 a - a +0 spear
 q - the +4 flail "Fanurir" (weapon) {protect, *Slow rPois rCorr SInv}
   (You found it on level 2 of the Dungeon)

   It grants its wielder temporary protection when it strikes (+7 to AC).
   rPois:     It protects you from poison.
   SInv:      It lets you see invisible.
   rCorr:     It protects you from acid and corrosion.
   *Slow:     It may slow you when you take damage.
Missiles
 x - 2 throwing nets (quivered)
Armour
 d - a +3 leather armour (worn)
 j - a +1 pair of gloves (worn)
 n - a scarf of invisibility (worn)
 o - an orb of light (worn)
Jewellery
 i - a +4 ring of protection (right hand)
 k - a ring of positive energy (left hand)
Wands
 b - a wand of iceblast (9)
 v - a wand of polymorph (9)
 w - a wand of flame (24)
Scrolls
 f - a scroll of enchant armour
Potions
 c - a potion of ambrosia
 e - 4 potions of curing
 g - a potion of heal wounds
 h - a potion of haste {unknown}
 p - 2 potions of brilliance {unknown}
 r - a potion of cancellation {unknown}
 u - a potion of might {unknown}


   Skills:
 * Level 9.2 Fighting
 - Level 10.8 Polearms
 + Level 4.2 Dodging
 - Level 2.1 Stealth
 + Level 0.7 Invocations


You had 8 spell levels left.
You didn't know any spells.
Your spell library contained the following spells:

 Spells                   Type           Power      Damage    Failure   Level
 Call Canine Familiar     Summ           0%         N/A       83%         3
 Portal Projectile        Hex/Tloc       0%         N/A       83%         3
 Summon Guardian Golem    Hex/Summ       0%         N/A       83%         3
 Leda's Liquefaction      Hex/Erth       0%         N/A       99%         4
 Fireball                 Conj/Fire      0%         3d3       100%        5
 Iskenderun's Battlesphe  Conj           0%         2d6       100%        5
 Conjure Ball Lightning   Conj/Air       0%         3x3d6     100%        6
 Malign Gateway           Summ/Tloc      0%         N/A       100%        7
 Orb of Destruction       Conj           0%         9d5       100%        7
 Spellforged Servitor     Conj/Summ      0%         N/A       100%        7
 Summon Horrible Things   Summ           0%         N/A       100%        8


Dungeon Overview and Level Annotations

Branches:
Dungeon (6/15)             Temple (1/1) D:4

Altars:
Ashenzari
Cheibriados
Dithmenos
Elyvilon
Fedhas
Gozag
Hepliaklqana
Kikubaaqudgha
Makhleb
Nemelex Xobeh
Okawaru
Qazlal
Ru
Sif Muna
Trog
Uskayaw
Vehumet
Wu Jian
Xom
Yredelemnul
The Shining One

Shops:
D:1 :   D:4 *


Innate Abilities, Weirdness & Mutations

((You are very nimble when in or above water. (Stealth+, EV+, Speed+++)))
Your lower body shifts to a powerful aquatic tail in water.


Message History

Increase (S)trength, (I)ntelligence, or (D)exterity?
You feel stronger. x2
You hit the kobold.
The kobold is moderately wounded.
The kobold barely misses you. The kobold misses you.
The kobold barely misses you. The kobold closely misses you.
You sock the kobold!
You kill the kobold!
Fedhas appreciates your contribution to the ecosystem.
The kobold hits you but does no damage.
You hit the kobold but do no damage. The hound barely misses you.
The kobold hits you but does no damage.
You hit the kobold.
You kill the kobold!
Fedhas appreciates your contribution to the ecosystem.
The hound misses you.
The two-headed ogre hits you with a +0 giant club!!
The two-headed ogre closely misses you.
You sock the hound!
The hound is heavily wounded.
The hound barely misses you. The hound bites you but does no damage.
The two-headed ogre barely misses you.
The two-headed ogre hits you with a +0 giant club!!
You barely miss the hound.
The hound is heavily wounded.
The hound bites you but does no damage. The hound closely misses you.
The two-headed ogre completely misses you.
The two-headed ogre hits you but does no damage.
The hound bites you but does no damage. The hound barely misses you.
A briar patch grows up from the ground. x4
You sock the two-headed ogre!
Your weapon exudes an aura of protection.
The two-headed ogre is lightly wounded.
You walk carefully through the plants.
The two-headed ogre hits you with a +0 giant club!
* * * LOW HITPOINT WARNING * * *
The two-headed ogre hits you with a +0 giant club!!
You die...
Fedhas appreciates your contribution to the ecosystem.

#.#.#####.#.#..##....#
#.#.......#.#####....###
#.######..#.#...........
#.#.........#.##########
#†#........##.#
#.####...#....#
#....#..#######
####.#...<.#
#..#...@P#.#
#......PO#.#####
##...#.#Ph.....#
###.#####.).#.#
#.#...))#+# #.#......
#.#....... #.#.###....
#... ......


You could see a two-headed ogre and a hound (ally target).

Vanquished Creatures
  Pikel (D:5)
  Prince Ribbit (D:5)
  Edmund (D:5)
  A water moccasin (D:5)
  An ice beast (D:5)
  A black bear (D:6)
  A centaur (D:4)
  A kobold brigand (D:6)
  A scorpion (D:5)
  2 hounds
  A jelly (D:5)
  An orc priest (D:3)
  Ijyb (D:5)
  Natasha (thrice) (D:3)
  3 gnolls (D:5)
  4 adders
  A shadow imp (D:6)
  2 white imps (D:5)
  2 ufetubi
  3 worms
  25 orcs
  8 endoplasms
  A giant cockroach (D:3)
  8 goblins
  4 hobgoblins
  3 jackals (D:4)
  A quokka (D:1)
  4 ball pythons
  2 bats (D:1)
  4 frilled lizards
  9 kobolds
  4 rats
105 creatures vanquished.

Notes
Turn   | Place    | Note
-------+----------+-------------------------------------------
     0 | D:1      | rageheart7 the Merfolk Monk began the quest for the Orb.
     0 | D:1      | Reached XP level 1. HP: 18/18 MP: 1/1
   196 | D:1      | Reached XP level 2. HP: 24/24 MP: 2/2
   282 | D:1      | Found Etuibaad's Book Shop.
   428 | D:1      | Found a faded altar of an unknown god.
  1003 | D:2      | Reached XP level 3. HP: 30/30 MP: 3/3
  1214 | D:2      | Identified the +4 flail "Fanurir" {protect, *Slow rPois
                  | rCorr SInv}
  1377 | D:2      | Reached skill level 5 in Polearms
  1895 | D:3      | Noticed Natasha
  1910 | D:3      | Killed Natasha
  1911 | D:3      | Reached XP level 4. HP: 30/38 MP: 4/4
  2051 | D:3      | Noticed Natasha
  2059 | D:3      | Killed Natasha
  2135 | D:3      | Reached XP level 5. HP: 41/43 MP: 5/5
  2141 | D:3      | Reached skill level 5 in Fighting
  2141 | D:3      | Reached skill level 6 in Polearms
  2252 | D:3      | Noticed Natasha
  2339 | D:3      | Killed Natasha
  2564 | D:4      | Reached XP level 6. HP: 46/51 MP: 6/6
  2643 | D:4      | Reached skill level 7 in Polearms
  2880 | D:4      | Found Bevvoara's Fire Supplies.
  2919 | D:4      | Found a staircase to the Ecumenical Temple.
  2931 | Temple   | Entered the Ecumenical Temple
  3372 | Temple   | Became a worshipper of Fedhas Madash
  3372 | Temple   | Reached * piety under Fedhas
  3372 | Temple   | Reached ** piety under Fedhas
  3592 | D:5      | Entered Level 5 of the Dungeon
  3706 | D:5      | Found a basalt altar of Yredelemnul.
  3779 | D:5      | Noticed Pikel
  3787 | D:5      | Killed Pikel
  3788 | D:5      | Reached skill level 8 in Polearms
  3788 | D:5      | Reached XP level 7. HP: 59/60 MP: 7/7
  3791 | D:5      | Reached skill level 9 in Polearms
  3887 | D:5      | Reached XP level 8. HP: 67/67 MP: 8/8
  3940 | D:5      | Noticed Edmund
  3951 | D:5      | Killed Edmund
  4211 | D:5      | Noticed Ijyb
  4226 | D:5      | Killed Ijyb
  4505 | D:5      | Noticed Prince Ribbit
  4520 | D:5      | Reached skill level 10 in Polearms
  4529 | D:5      | Killed Prince Ribbit
  4904 | D:6      | Noticed a two-headed ogre
  4908 | D:6      | Reached XP level 9. HP: 69/76 MP: 9/9
  4918 | D:6      | Mangled by a two-headed ogre

Illustrated notes

Levels and vault maps discovered:
D:1:      mushboom_english_gardens, layout_loops_cross, serial_shops, shop,
          shapermc_ecumenical_altar_starsandcircs
D:2:      layout_basic
D:3:      layout_rooms, st_stairs_1, skrybe_limestone_x, feat_on_display,
          uniq_natasha
D:4:      layout_rooms, minmay_temple_entry_overgrown, nicolae_shop_fire_sale
          [nicolae_sub_dead_trees]
D:5:      layout_basic, amcnicky_altar_gilded, st_stairs_2,
          nicolae_concentric_dashed_squares_mild, uniq_edmund, uniq_ijyb,
          uniq_prince_ribbit1, uniq_pikel
D:6:      layout_basic, uniq_blork_the_orc
Temple:   mainiacjoe_temple_big_plus

Skill      XL: |  1  2  3  4  5  6  7  8 |
---------------+-------------------------+-----
Fighting       | 4 5 7 9 |  9.2
Polearms       | 5 6 8 9 10 | 10.8
Dodging        | |  4.2
Stealth        | |  2.1
Invocations    | |  0.7

Action                   |  1- 3 |  4- 6 |  7- 9 || total
-------------------------+-------+-------+-------++-------
Melee: Spear             |    87 |       |       ||    87
       Punch             |     1 |       |       ||     1
       Flail             |    24 |   119 |    90 ||   233
Invok: Wall of Briars    |       |       |     1 ||     1
  Use: Scroll            |       |     9 |     1 ||    10
       Potion            |       |     1 |     1 ||     2
 Stab: Sleeping          |     7 |       |       ||     7
Armor: Leather armour    |    23 |    86 |    55 ||   164
Dodge: Dodged            |    39 |   153 |   104 ||   296

Table legend: (Time is in decaauts)
 A = Elapsed time spent in this place.
 B = Non-inter-level travel time spent in this place.
 C = Inter-level travel time spent in this place.
 D = Time resting spent in this place.
 E = Time spent auto-exploring this place.
 F = Levels seen in this place.
 G = Mean time per level.
                   A        B        C        D        E       F      G
               +--------+--------+--------+--------+--------+-----+--------+
         Total |   4997 |   4715 |    282 |     57 |   3733 |   7 |  713.9 |
       Dungeon |   4517 |   4319 |    198 |     57 |   3351 |   6 |  752.8 |
        Temple |    479 |    395 |     84 |      0 |    382 |   1 |  479.0 |
               +--------+--------+--------+--------+--------+-----+--------+

Top non-repeatable levels by time:
     D:5: 1251 daAuts
     D:2: 1158 daAuts
     D:1: 699 daAuts
     D:4: 671 daAuts
     D:3: 621 daAuts
  Temple: 479 daAuts
     D:6: 115 daAuts
